 Dungeon Crawl Stone Soup version 0.21-a0-184-g9126a74 (webtiles) character file.

29 FrankyJ the Conjurer (level 3, -1/19 HPs)
             Began as a Deep Elf Conjurer on Aug 12, 2017.
             Was an Initiate of Vehumet.
             Slain by a worm (12 damage)
             ... on level 2 of the Dungeon.
             The game lasted 00:03:19 (1666 turns).

FrankyJ the Conjurer (Deep Elf Conjurer)            Turns: 1666, Time: 00:03:20

Health: -1/19      AC:  2    Str:  6    XL:     3   Next: 1%
Magic:  1/9        EV: 13    Int: 19    God:    Vehumet [......]
Gold:   141        SH:  0    Dex: 15    Spells: 5/8 levels left

rFire    + . .     SeeInvis .   i - +0 dagger
rCold    . . .     Gourm    .   (no shield)
rNeg     . . .     Faith    .   a - +0 robe
rPois    +         Spirit   .   (no helmet)
rElec    .         Reflect  .   (no cloak)
rCorr    .         Harm     .   (no gloves)
MR       .....                  (no boots)
Stlth    ++........             (no amulet)
HPRegen  0.06/turn              k - ring of protection from fire (curse)
MPRegen  0.11/turn              o - ring of poison resistance

@: no status effects
A: no striking features
a: Renounce Religion


You were on level 2 of the Dungeon.
You worshipped Vehumet.
Vehumet was noncommittal.
You were very hungry.

You visited 1 branch of the dungeon, and saw 2 of its levels.

You collected 141 gold pieces.

Inventory:

Hand Weapons
 i - a +0 dagger (weapon)
Missiles
 m - 4 javelins (quivered)
 n - 8 tomahawks
Armour
 a - a +0 robe (worn)
Magical Staves
 l - an uncursed staff of poison
Jewellery
 k - a cursed ring of protection from fire (left hand)
 o - a ring of poison resistance (right hand)
Scrolls
 d - 2 scrolls of remove curse {unknown}
 e - 2 scrolls of teleportation {unknown}
 g - 2 scrolls of blinking {unknown}
 h - a scroll of identify {unknown}
 j - a scroll of fog {unknown}
Potions
 p - a potion of brilliance {unknown}
Books
 b - a book of Conjurations

   Spells                             Type                      Level
   a - Magic Dart                     Conjuration                  1
   b - Searing Ray                    Conjuration                  2
   c - Dazzling Spray                 Conjuration/Hexes            3
   d - Fulminant Prism                Conjuration/Hexes            4
   e - Force Lance                    Conjuration/Translocation    4
   f - Iskenderun's Mystic Blast      Conjuration                  4
Comestibles
 c - a bread ration
 f - a meat ration
 q - a chunk of flesh


   Skills:
 * Level 3.3 Dodging
 + Level 2.8 Stealth
 - Level 3.0 Spellcasting
 + Level 4.8 Conjurations


You had 5 spell levels left.
You knew the following spells:

 Your Spells              Type           Power        Failure   Level  Hunger
a - Magic Dart            Conj           ###.         1%          1    None
b - Searing Ray           Conj           ###...       3%          2    ##.....


Dungeon Overview and Level Annotations

Branches:
Dungeon (2/15)

Altars:
Trog
Vehumet


Message History

Press: ? - help, Shift-Dir - straight line, f - worm
Aim: a worm (slow)
The searing ray hits the worm.
The worm is lightly wounded. (Press . to maintain the ray.) Without enough magic to sustain it, your searing ray dissipates.
You hit the worm.
The worm is moderately wounded.
You hit the worm but do no damage.
The worm is moderately wounded.
The worm bites you!
You hit the worm.
The worm is moderately wounded.
You hit the worm but do no damage.
The worm is moderately wounded.
You completely miss the worm.
The worm is moderately wounded.
The worm bites you!
Ouch! That really hurt!
You die...

.....................#.###....###
......#.>###.........#.##.......#
......##.# ######..##..#.......))
......##.# #.....##....#....
########.# #####.....##...###...
#.# #......##..†...#y#._. #.#
#.####.#####...###.r.
#.####.####.#####....#....
#........@w.....#........)
######.####.###.##.......#
#..w...# #.###....### ########
#.# ###### #.# #.# #.# #.# ###


You could see a worm.

Vanquished Creatures
  A worm (D:2)
  2 dart slugs
  4 bats (D:1)
  2 giant cockroaches (D:1)
  3 goblins (D:1)
  2 kobolds (D:1)
  9 rats
23 creatures vanquished.

Vanquished Creatures (others)
  A goblin (D:2)
1 creature vanquished.

Grand Total: 24 creatures vanquished

Notes
Turn   | Place    | Note
-------+----------+-------------------------------------------
     0 | D:1      | FrankyJ the Deep Elf Conjurer began the quest for the Orb.
     0 | D:1      | Reached XP level 1. HP: 10/10 MP: 6/6
   387 | D:1      | Reached XP level 2. HP: 15/15 MP: 5/8
   489 | D:1      | Learned a level 2 spell: Searing Ray
  1006 | D:2      | Found a radiant altar of Vehumet.
  1023 | D:2      | Became a worshipper of Vehumet
  1606 | D:2      | Noticed a moth of wrath
  1609 | D:2      | Found a bloodstained altar of Trog.
  1630 | D:2      | Reached XP level 3. HP: 19/19 MP: 5/9
  1666 | D:2      | Slain by a worm

Vault maps used:
D:1:      sevenhm_arrival_forest_fort_small_4
D:2:      fiery_altar_vehumet, tgw_trog

Skill      XL: |  1  2 |
---------------+-------+-----
Dodging        | 3 |  3.3
Stealth        | |  2.8
Spellcasting   | |  3.0
Conjurations   | |  4.8

Action                   || total
-------------------------++-------
Melee: Dagger            ||     9
 Cast: Magic Dart        ||    34
       Searing Ray       ||     7
 Stab: Sleeping          ||     1
  Eat: Chunk             ||     1
Armor: Robe              ||     3
Dodge: Dodged            ||     6
